 Dungeon Crawl Stone Soup version 0.30-a0-218-gedb9141078 (webtiles) character file.

Game seed: 16793538263778475063

231 ryw the Covered (level 6, -10/49 HPs)
             Began as a Human Fighter on Oct 5, 2022.
             Mangled by an ogre
             ... wielding a +0 giant club
              (17 damage)
             ... on level 5 of the Dungeon.
             The game lasted 00:05:23 (3158 turns).

ryw the Covered (Human Fighter)                     Turns: 3158, Time: 00:05:23

Health: -10/49     AC:  7    Str: 15 (16) XL:     6   Next: 24%
Magic:  6/6        EV:  8    Int:  9      God:
Gold:   204        SH:  5    Dex: 14      Spells: 5/5 levels left

rFire   + . .      SeeInvis .    a - +0 long sword
rCold   + . .      Faith    .    c - +0 buckler
rNeg    . . .      Spirit   .    b - +0 scale mail
rPois   +          Reflect  .    (no helmet)
rElec   +          Harm     .    (no cloak)
rCorr   +          Rampage  .    (no gloves)
Will    .....                    (no boots)
Stlth   ..........               (no amulet)
HPRegen 0.28/turn                (no ring)
MPRegen 0.10/turn                (no ring)

@: resistant
A: no striking features
a: no special abilities


You were on level 5 of the Dungeon.
You visited 1 branch of the dungeon, and saw 5 of its levels.

You collected 204 gold pieces.

Inventory:

Hand Weapons
 a - a +0 long sword (weapon)
Missiles
 f - 12 poisoned darts (quivered)
Armour
 b - a +0 scale mail (worn)
 c - a +0 buckler (worn)
 e - a +0 kite shield
Jewellery
 g - a ring of magical power
 o - a ring of flight
Scrolls
 h - a scroll of teleportation {unknown}
 i - a scroll of fog {unknown}
 j - 2 scrolls of blinking {unknown}
 k - 3 scrolls of identify {unknown}
 n - a scroll of noise {unknown}
 p - a scroll of silence {unknown}
Potions
 l - a potion of flight
 m - a potion of degeneration
 q - a potion of curing


   Skills:
 + Level 4.4 Fighting
 + Level 3.8 Long Blades
 + Level 4.4 Armour
 - Level 3.0 Shields


You had 5 spell levels left.
You didn't know any spells.
Your spell library contained the following spells:

 Spells                   Type           Power      Damage    Failure   Level
 Kiss of Death            Conj/Necr      0%         2d5       89%         1
 Confusing Touch          Hex            0%         N/A       99%         3
 Ozocubu's Armour         Ice            0%         N/A       99%         3
 Dispel Undead            Necr           0%         3d6       100%        4
 Metabolic Englaciation   Hex/Ice        0%         N/A       100%        5
 Simulacrum               Ice/Necr       0%         N/A       100%        6


Dungeon Overview and Level Annotations

Branches:
Dungeon (5/15)
 Temple: D:4-7

Altars:

Shops:
D:1 *   D:2 *

Annotations:
D:4 Grinder


Message History

Items here: )) [ †.
You hit the orc.
The orc is moderately wounded.
The orc closely misses you.
You slash the orc!
You kill the orc!
You feel your strength returning.
You see here a +0 club.
A dart slug comes into view.
You hit the dart slug.
The dart slug is heavily wounded.
The dart slug bites you.
You hit the dart slug.
You kill the dart slug!
Found a sedimented black potion.
d - a sedimented black potion
Found 2 scrolls labelled DIDESE ZALL.
Found a book of Winter.
j - 2 scrolls labelled DIDESE ZALL An ogre comes into view.
It is wielding a +0 giant club.
The ogre shouts!
You hear an angry hiss.
It was a potion of resistance.
You feel protected.
An iguana comes into view.
The iguana hisses angrily.
You hit the ogre.
The ogre is lightly wounded.
The ogre hits you with a +0 giant club!!
You barely miss the ogre.
The ogre is lightly wounded.
The ogre hits you with a +0 giant club!
You barely miss the ogre.
The ogre is lightly wounded.
The ogre hits you with a +0 giant club!
* * * LOW HITPOINT WARNING * * *
Unknown command.
You hit the ogre.
The ogre is moderately wounded.
The ogre hits you with a +0 giant club!
You die...

.... ... # ..# #...
..## .. # #.# ###...
... ... ###..#
##.....##..#.... ....#
#..........#.. ....#
##........... ..[.###
#..........##
......###.......Ol..#
#...............@# .#
...........#.....#.#
.#.........#.#.....#
.##.##..........#....#
....##...##.#...#..###
....###...#:#..#####
#...###...#....#
#...##......#.##
##.###......###


You could see an ogre and an iguana.

Vanquished Creatures
  2 orc priests
  A hound (D:3)
  4 gnolls
  An adder (D:5)
  3 worms
  A dart slug (D:5)
  7 orcs
  6 endoplasms
  A giant cockroach (D:4)
  4 goblins
  8 hobgoblins
  4 jackals (D:2)
  A quokka (D:2)
  9 ball pythons
  9 bats
  7 frilled lizards
  7 kobolds
  7 rats
82 creatures vanquished.

Notes
Turn   | Place    | Note
-------+----------+-------------------------------------------
     0 | D:1      | ryw the Human Fighter began the quest for the Orb.
     0 | D:1      | Reached XP level 1. HP: 18/18 MP: 1/1
   121 | D:1      | Reached XP level 2. HP: 11/24 MP: 2/2
   244 | D:1      | Found Huhiah Kige's Assorted Antiques.
   337 | D:1      | Reached XP level 3. HP: 29/29 MP: 3/3
   627 | D:2      | Found a faded altar of an unknown god.
   654 | D:2      | Found Uvirphudo's General Store.
  1274 | D:2      | Reached XP level 4. HP: 32/32 MP: 4/4
  2335 | D:3      | HP: 1/36 [hound (5)]
  2352 | D:3      | Reached XP level 5. HP: 13/42 MP: 5/5
  2762 | D:4      | Noticed a phantom
  2848 | D:4      | Noticed Grinder
  2865 | D:4      | Paralysed by Grinder for 2 turns
  2871 | D:4      | Paralysed by Grinder for 2 turns
  2883 | D:5      | Entered Level 5 of the Dungeon
  2898 | D:5      | Reached XP level 6. HP: 9/48 MP: 6/6
  3151 | D:5      | Noticed an ogre
  3158 | D:5      | Mangled by an ogre

Illustrated notes

Levels and vault maps discovered:
D:1:      dpeg_arrival_houses_and_road, layout_rooms, serial_shops, shop,
          kennysheep_pointless_box
D:2:      layout_basic, serial_shops, shop, shapermc_ecumenical_altar_pompeii,
          st_stairs_5, nicolae_concentric_dashed_squares_mild
D:3:      layout_basic, gup_sewer_entry_bowl, grunt_decor_clamped
D:4:      layout_rooms, uniq_grinder
D:5:      layout_cave_pools, nicolae_overflow_crystal_walls,
          regret_index_temple_of_mockery, minmay_temple_entry_mini_moons,
          uniq_sigmund

Skill      XL: |  1  2  3  4 |
---------------+-------------+-----
Long Blades    | 3 |  3.8
Fighting       | 4 |  4.4
Armour         | 4 |  4.4
Shields        | |  3.0

Action                   |  1- 3 |  4- 6 || total
-------------------------+-------+-------++-------
Melee: Long sword        |   111 |   162 ||   273
Throw: Dart              |       |     1 ||     1
  Use: Potion            |     1 |     6 ||     7
Armor: Scale mail        |    51 |    54 ||   105
Dodge: Dodged            |    61 |    74 ||   135
Block: Buckler           |    34 |    34 ||    68

Table legend: (Time is in decaauts)
 A = Elapsed time spent in this place.
 B = Non-inter-level travel time spent in this place.
 C = Inter-level travel time spent in this place.
 D = Time resting spent in this place.
 E = Time spent auto-exploring this place.
 F = Levels seen in this place.
 G = Mean time per level.
                   A        B        C        D        E       F      G
               +--------+--------+--------+--------+--------+-----+--------+
         Total |   3238 |   3144 |     94 |    295 |   2053 |   5 |  647.6 |
       Dungeon |   3238 |   3144 |     94 |    295 |   2053 |   5 |  647.6 |
               +--------+--------+--------+--------+--------+-----+--------+

Top non-repeatable levels by time:
     D:3: 1259 daAuts
     D:2: 850 daAuts
     D:1: 602 daAuts
     D:5: 282 daAuts
     D:4: 243 daAuts
